 Dungeon Crawl Stone Soup version 0.30.0-17-ge0270778cf (webtiles) character file.

Game seed: 12481841703896917234

37 AlmostDecent the Trooper (level 3, -1/24 HPs)
             Began as a Gargoyle Fighter on May 21, 2023.
             Slain by Sigmund
             ... wielding a +0 scythe
              (3 damage)
             ... on level 2 of the Dungeon.
             The game lasted 00:02:57 (951 turns).

AlmostDecent the Trooper (Gargoyle Fighter)          Turns: 951, Time: 00:02:57

Health: -1/24      AC: 10    Str: 19    XL:     3   Next: 39%
Magic:  3/3        EV:  9    Int:  8    God:
Gold:   53         SH:  4    Dex: 11    Spells: 2/2 levels left

rFire   + . .        a - +0 war axe
rCold   . . .        c - +0 buckler
rNeg    + . .        b - +0 scale mail
rPois   ∞            (no helmet)
rElec   +            (no cloak)
rCorr   .            (no gloves)
SInv    .            (no boots)
Will    .....        (no amulet) Stlth
                     j - ring of protection from fire
HPRegen 0.24/turn    (no ring)
MPRegen 0.08/turn

%: no passive effects
@: mighty
A: sickness immunity, AC +3, negative energy resistance 1, electricity
resistance, torment resistance 1, petrification resistance
a: no special abilities


You were on level 2 of the Dungeon.
You visited 1 branch of the dungeon, and saw 2 of its levels.

You collected 53 gold pieces.

Inventory:

Hand Weapons
 a - a +0 war axe (weapon)
Missiles
 h - 2 throwing nets (quivered)
Armour
 b - a +0 scale mail (worn)
 c - a +0 buckler (worn)
 i - a +0 plate armour
Jewellery
 j - a ring of protection from fire (left hand)
Scrolls
 f - a scroll of poison {unknown}
 k - a scroll of blinking {unknown}
Potions
 e - 2 potions of curing {unknown}
 g - a potion of attraction {unknown}
 l - a potion of heal wounds {unknown}


   Skills:
 + Level 3.7 Fighting
 * Level 2.8 Axes
 - Level 3.5 Armour
 - Level 3.3 Shields


You had 2 spell levels left.
You didn't know any spells.
Your spell library contained the following spells:

 Spells                   Type           Power      Damage    Failure   Level
 Dispel Undead            Necr           0%         3d6       100%        4
 Iskenderun's Battlesphe  Conj           0%         2d6       100%        5
 Death Channel            Necr           0%         N/A       100%        6
 Iron Shot                Conj/Erth      0%         9d1       100%        6
 Spellforged Servitor     Conj/Summ      0%         N/A       100%        7
 Cigotuvi's Dreadful Rot  Necr/Pois/Air  Unusable   N/A       N/A         2

Dungeon Overview and Level Annotations

Branches:
Dungeon (2/15)

Altars:

Annotations:
D:2 Sigmund


Innate Abilities, Weirdness & Mutations

You are immune to sickness and miasma.
Your stone body is resilient. (AC +3)
You are immune to poison.
You resist negative energy. (rN+)
You are resistant to electric shocks. (rElec)
You are resistant to unholy torment.
You are immune to petrification.


Message History

You closely miss Sigmund.
Sigmund is lightly wounded.
You hit the ball python.
You kill the ball python!
Sigmund says, "I'm your fate." Sigmund hits you with a +0 scythe.
You barely miss Sigmund.
Sigmund is lightly wounded.
Sigmund gestures wildly while chanting.
Sigmund flickers and vanishes!
Deactivating autopickup; reactivate with Ctrl-A.
No target in view!
No target in view!
No target in view!
No target in view!
No target in view!
No target in view!
You feel very mighty all of a sudden. Something hits you.
You barely miss something. Something completely misses you.
You hit something. Something hits you.
You closely miss something. Something completely misses you.
You miss something. You barely miss something.
Something hits you but does no damage.
You miss something. Something hits you but does no damage.
You miss something. Something hits you!
You miss something. Something hits you but does no damage.
You slash something! Something hits you.
* * * LOW HITPOINT WARNING * * *
You closely miss something.
You hear some strange, mumbled words.
A puff of flame appears from out of thin air!
The puff of flame hits you. You resist.
* * * LOW HITPOINT WARNING * * *
You miss something.
You hear some strange, mumbled words.
A puff of flame appears from out of thin air!
The puff of flame hits you but does no damage.
Something hits you.
You die...

..# #.# #.# #.#
#.# .### #.#
...<.#######.#####
..##..$†.........#
##
......{@.....###.#
#.. ..####†#######
#.# #.# #. #.# #.#
#. #)# #.# #. #.#
#.# #. #.#####.#
#. ###.#.....# #.
###...#.###.#
#.[...#.#....


There were no monsters in sight!

Vanquished Creatures
  7 ball pythons
  4 endoplasms (D:1)
  3 giant cockroaches (D:1)
  2 goblins
  3 hobgoblins
  2 jackals (D:1)
  2 quokkas (D:1)
  2 bats (D:1)
  3 frilled lizards (D:1)
  A kobold (D:1)
  6 rats
35 creatures vanquished.

Notes
Turn   | Place    | Note
-------+----------+-------------------------------------------
     0 | D:1      | AlmostDecent the Gargoyle Fighter began the quest for the
                  | Orb.
     0 | D:1      | Reached XP level 1. HP: 14/14 MP: 1/1
    99 | D:1      | Reached XP level 2. HP: 19/19 MP: 2/2
   582 | D:1      | Reached XP level 3. HP: 13/23 MP: 3/3
   931 | D:2      | Noticed Sigmund
   950 | D:2      | HP: 1/24 [something/puff of flame (3)]
   951 | D:2      | Slain by Sigmund

Illustrated notes

Levels and vault maps discovered:
D:1:      ncdulo_lavacross, layout_loops_ring
D:2:      layout_loops_ring, basic_altar, roderic_roman_lattice, uniq_jessica,
          uniq_sigmund

Skill      XL: |  1  2 |
---------------+-------+-----
Axes           | 2 |  2.8
Fighting       | |  3.7
Armour         | |  3.5
Shields        | |  3.3

Action                     || total
---------------------------++-------
  Melee: War axe           ||   102
    Use: Potion            ||     1
 Armour: Scale mail        ||    38
  Dodge: Dodged            ||    45
  Block: Buckler           ||    21
